 Dungeon Crawl Stone Soup version 0.22.0-18-ge075c0de6d (webtiles) character file.

14508 Kirk the Cleaver (level 11, -9/84 HPs)
             Began as a Demonspawn Gladiator on Aug 19, 2018.
             Was a High Priest of Okawaru.
             Impaled on a porcupine's spines (11 damage)
             ... on level 1 of the Lair of Beasts.
             The game lasted 00:30:07 (11738 turns).

Kirk the Cleaver (Demonspawn Gladiator)            Turns: 11738, Time: 00:30:08

Health: -9/84      AC: 22    Str: 17    XL:     11   Next: 89%
Magic:  12/14      EV: 14    Int:  9    God:    Okawaru [*****.]
Gold:   313        SH:  0    Dex: 16    Spells: 10/10 levels left

rFire    + . .     SeeInvis .   K - +8 executioner's axe (chop)
rCold    + . .     Gourm    .   (shield currently unavailable)
rNeg     + . .     Faith    .   q - +3 scale mail of a treasure trove {rN+}
rPois    +         Spirit   .   p - +2 helmet
rElec    .         Reflect  .   j - +2 cloak {MR+}
rCorr    .         Harm     .   F - +0 pair of gloves
MR       +....                  (no boots)
Stlth    ++........             C - amulet of rage
HPRegen  0.24/turn              I - ring of poison resistance
MPRegen  0.14/turn              A - ring of protection from fire

@: heroism, hasted (expiring), very quick
A: talons 1, yellow scales 1, cold resistance 1, freezing cloud immunity
a: Heroism, Finesse, Renounce Religion, Evoke Berserk Rage


You were on level 1 of the Lair of Beasts.
You worshipped Okawaru.
Okawaru was extremely pleased with you.
You were not hungry.

You visited 3 branches of the dungeon, and saw 12 of its levels.
You also visited: Ossuary.

You collected 475 gold pieces.
You spent 162 gold pieces at shops.

Inventory:

Hand Weapons
 a - a +1 war axe
 K - a +8 executioner's axe of chopping (weapon)
 O - a cursed +0 broad axe
Missiles
 d - 6 steel javelins (quivered)
 l - 38 poisoned needles
Armour
 j - a +2 cloak of magic resistance (worn)
 k - a +2 scale mail of fire resistance
 p - a +2 helmet (worn)
 q - the +3 scale mail of a treasure trove (worn) {rN+}
   (You took it off an orc warrior on level 9 of the Dungeon)

   It protects you from negative energy.
 x - a +2 scale mail of magic resistance
 F - a +0 pair of gloves (worn)
 N - a +4 chain mail
Jewellery
 v - an uncursed ring of see invisible
 z - an uncursed amulet of regeneration
 A - a ring of protection from fire (right hand)
 C - an amulet of rage (around neck)
 G - an uncursed amulet of magic regeneration {unknown}
 I - a ring of poison resistance (left hand)
Wands
 e - a wand of random effects (36)
 u - a wand of clouds (3)
 w - a wand of disintegration (20)
 y - a wand of enslavement (9)
Scrolls
 n - 2 scrolls of enchant armour
 o - 3 scrolls of remove curse
 H - a scroll of fear
 J - a scroll of blinking
 M - a scroll of fog
Potions
 b - 3 potions of lignification
 c - a potion of cancellation {unknown}
 g - 7 potions of flight
 h - a potion of magic {unknown}
 r - 6 potions of haste
 s - 4 potions of brilliance {unknown}
 t - 4 potions of mutation
 D - 2 potions of resistance
 E - 3 potions of invisibility {unknown}
Comestibles
 f - 10 rations
 m - 3 chunks of flesh


   Skills:
 + Level 7.2(12.2) Fighting
 * Level 14.6(19.6) Axes
 - Level 1.7(6.7) Throwing
 + Level 6.2(11.2) Armour
 - Level 2.6(7.6) Dodging
 * Level 4.1 Invocations


You had 10 spell levels left.
You didn't know any spells.
Your spell library contained the following spells:

 Spells                   Type           Power        Failure   Level  Hunger
 Magic Dart               Conj           #...         71%         1    ##.....
 Searing Ray              Conj           #.....       85%         2    ###....
 Dazzling Spray           Conj/Hex       #.....       97%         3    ####...
 Force Lance              Conj/Tloc      #.......     100%        4    #####..
 Fulminant Prism          Conj/Hex       #.........   100%        4    #####..
 Iskenderun's Mystic Bla  Conj           #.......     100%        4    #####..


Dungeon Overview and Level Annotations

Branches:
Dungeon (10/15)            Temple (1/1) D:5            Lair (1/6) D:10
    Orc: D:9-12

Altars:
Ashenzari
Cheibriados
Dithmenos
Elyvilon
Fedhas
Gozag
Hepliaklqana
Kikubaaqudgha
Makhleb
Nemelex Xobeh
Okawaru
Qazlal
Ru
Sif Muna
Trog
Uskayaw
Vehumet
Wu Jian
Xom
Yredelemnul
Zin
The Shining One

Shops:
D:5 *   D:9 =

Annotations:
D:8 exclusions: 2 doors and hydra


Innate Abilities, Weirdness & Mutations

You have sharp toenails.
You are partially covered in yellow scales. (AC +2)
Your flesh is cold resistant. (rC+)
You are immune to freezing clouds.


Message History

The porcupine bites you.
* * * LOW HITPOINT WARNING * * *
You feel better.
You are struck by the porcupine's spines.
* * * LOW HITPOINT WARNING * * *
You slash the porcupine!
The porcupine is almost dead.
You closely miss the porcupine.
The porcupine bites you but does no damage.
The porcupine barely misses you.
You closely miss the porcupine.
The porcupine is almost dead.
You closely miss the porcupine. The porcupine closely misses you.
The porcupine bites you but does no damage.
Unknown command.
You slice the porcupine!!
You kill the porcupine!
Okawaru accepts your kill.
You are struck by the porcupine's spines.
You die...

#.#.#.....#####.....###.#
#.......### ##........#
##...⌠.## ##.....>..
#..#...# ##.##...#
##.##'## #### ####†###
#...####...# #.###.
###.$..##....#### ####..
.........$.......# #...
..........@r......# #....
.............P%...#
#.....
..............P%..#
......
..............%...#


.PP ................... .♣P ..........#.%....# PP ........###....## P♣ .......
...#. ♣ You could see a porcupine.

Vanquished Creatures
  A hydra (Lair:1)
  2 two-headed ogres
  Pikel (D:6)
  An orb spider (shapeshifter) (D:10)
  2 ugly things
  A cyclops (D:10)
  A black mamba (Lair:1)
  A gargoyle (D:9)
  2 trolls
  Grinder (D:3)
  7 hippogriffs
  2 dream sheep (D:8)
  4 yaks
  2 hungry ghosts
  Menkaure (D:6)
  Edmund (D:4)
  Duvessa (D:6)
  A water moccasin (D:9)
  4 porcupines
  9 orc warriors
  2 black bears (D:10)
  2 necrophages
  3 sky beasts
  A phantom (D:8)
  7 ogres
  4 centaurs
  2 crocodiles
  5 big kobolds
  5 bullfrogs
  Dowan (D:6)
  A wyvern zombie (D:6)
  2 water moccasin zombies (Ossuary)
  A scorpion (D:7)
  8 killer bees
  A wight (D:8)
  2 electric eels (D:8)
  A centaur zombie (D:7)
  2 howler monkeys (D:8)
  4 bullfrog zombies
  3 crimson imps
  A quasit (D:9)
  7 hounds
  5 orc priests
  A gnoll shaman (D:6)
  Crazy Yiuf (D:3)
  2 bullfrog skeletons
  2 jellies
  7 iguanas
  10 orc wizards
  4 worker ants
  A big kobold zombie (Ossuary)
  2 mummies (Ossuary)
  A hound zombie (D:6)
  A hound skeleton (D:8)
  3 worker ant zombies
  Robin (D:3)
  11 gnolls
  A howler monkey skeleton (D:9)
  20 adders
  2 shadow imps (D:9)
  2 oozes
  6 adder zombies
  An adder skeleton (D:4)
  2 dart slugs
  5 leopard geckos
  41 orcs
  3 bats
  4 giant cockroaches
  3 gnoll zombies (Ossuary)
  17 goblins
  10 hobgoblins
  7 jackals
  3 quokkas
  A ball python (D:3)
  4 frilled lizards
  A giant cockroach zombie (D:6)
  4 hobgoblin zombies (Ossuary)
  2 jackal skeletons
  23 kobolds
  4 kobold zombies (Ossuary)
  2 leopard gecko skeletons
  4 orc zombies (Ossuary)
  A quokka zombie (D:6)
  5 rats
340 creatures vanquished.

Vanquished Creatures (others)
  A bat (D:3)
  18 fungi (D:10)
  9 plants
28 creatures vanquished.

Grand Total: 368 creatures vanquished

Notes
Turn   | Place    | Note
-------+----------+-------------------------------------------
     0 | D:1      | Kirk the Demonspawn Gladiator began the quest for the Orb.
     0 | D:1      | Reached XP level 1. HP: 16/16 MP: 1/1
   196 | D:1      | Reached skill level 3 in Axes
   207 | D:1      | Gained mutation: Your flesh is cold resistant. (rC+) [demonic ancestry]
   207 | D:1      | Reached XP level 2. HP: 14/22 MP: 2/2
   890 | D:1      | Reached XP level 3. HP: 27/27 MP: 3/3
  1323 | D:2      | Reached skill level 4 in Axes
  1682 | D:2      | Gained mutation: You have sharp toenails. [demonic ancestry]
  1682 | D:2      | Reached XP level 4. HP: 33/34 MP: 4/4
  2175 | D:3      | Noticed Robin
  2176 | D:3      | Noticed a crocodile
  2258 | D:3      | Killed a crocodile
  2258 | D:3      | Reached skill level 1 in Armour
  2258 | D:3      | Reached XP level 5. HP: 25/40 MP: 5/5
  2352 | D:3      | Reached skill level 5 in Axes
  2359 | D:3      | Killed Robin
  2971 | D:3      | Noticed Grinder
  2980 | D:3      | Killed Grinder
  2980 | D:3      | Reached skill level 6 in Axes
  2980 | D:3      | Gained mutation: You are partially covered in yellow scales. (AC +2) [demonic ancestry]
  2980 | D:3      | Reached XP level 6. HP: 14/47 MP: 6/6
  3214 | D:3      | Found a runed door.
  3349 | D:3      | Noticed Crazy Yiuf
  3359 | D:3      | Killed Crazy Yiuf
  3473 | D:4      | Reached XP level 7. HP: 41/52 MP: 7/7
  3604 | D:4      | Found a sand-covered staircase.
  3614 | Ossuary  | Entered an ossuary
  3633 | Ossuary  | Reached skill level 7 in Axes
  4117 | D:4      | Noticed Edmund
  4174 | D:4      | Killed Edmund
  4174 | D:4      | Reached skill level 8 in Axes
  4174 | D:4      | Reached XP level 8. HP: 20/60 MP: 8/8
  4540 | D:5      | Entered Level 5 of the Dungeon
  4564 | D:5      | Found a staircase to the Ecumenical Temple.
  4681 | Temple   | Entered the Ecumenical Temple
  4791 | Temple   | Became a worshipper of Warmaster Okawaru
  4867 | D:5      | Found Moca Eqa's Assorted Antiques.
  4875 | D:5      | Bought a potion of curing for 72 gold pieces
  4875 | D:5      | Bought a scroll of identify for 48 gold pieces
  4875 | D:5      | Bought a lumpy cyan potion for 21 gold pieces
  4875 | D:5      | Bought a puce potion for 21 gold pieces
  5210 | D:5      | Found an opulent altar of Gozag.
  5422 | D:6      | Reached skill level 9 in Axes
  5425 | D:6      | Noticed Pikel
  5438 | D:6      | Killed Pikel
  5438 | D:6      | Reached * piety under Okawaru
  5442 | D:6      | Noticed Duvessa
  5443 | D:6      | Noticed Dowan
  5452 | D:6      | Killed Duvessa
  5452 | D:6      | Gained mutation: You are immune to freezing clouds. [demonic ancestry]
  5452 | D:6      | Reached XP level 9. HP: 66/66 MP: 9/9
  5453 | D:6      | Killed Dowan
  5453 | D:6      | Reached skill level 10 in Axes
  5516 | D:6      | Noticed Menkaure
  5524 | D:6      | Killed Menkaure
  6022 | D:6      | Reached ** piety under Okawaru
  6639 | D:7      | Reached skill level 11 in Axes
  6693 | D:7      | Reached skill level 5 in Fighting
  7102 | D:8      | Reached *** piety under Okawaru
  7128 | D:8      | Reached XP level 10. HP: 37/74 MP: 10/10
  7205 | D:8      | Reached **** piety under Okawaru
  7329 | D:8      | Noticed a white ugly thing
  7386 | D:8      | Reached skill level 12 in Axes
  8467 | D:8      | Killed a white ugly thing
  8477 | D:8      | Reached skill level 5 in Armour
  8478 | D:8      | Noticed a three-headed hydra
  8680 | D:9      | Found Ziria's Jewellery Shop.
  8710 | D:9      | Noticed a two-headed ogre
  8759 | D:9      | Found a white marble altar of Elyvilon.
  8989 | D:9      | Reached skill level 13 in Axes
  9249 | D:9      | Reached ***** piety under Okawaru
  9407 | D:9      | Received a gift from Okawaru
  9513 | D:9      | Noticed a gargoyle
  9529 | D:9      | Killed a gargoyle
  9529 | D:9      | Reached XP level 11. HP: 62/81 MP: 8/11
  9566 | D:9      | Killed a two-headed ogre
  9995 | D:9      | Got a spiked scale mail
 10155 | D:9      | Noticed a brown ugly thing
 10173 | D:9      | Killed a brown ugly thing
 10173 | D:9      | Reached skill level 1 in Invocations
 10274 | D:9      | Identified the +3 scale mail of a treasure trove {rN+} (You took it off an orc warrior on level 9 of the Dungeon)
 10309 | D:10     | Entered Level 10 of the Dungeon
 10398 | D:10     | Noticed an orb spider
 10398 | D:10     | a queen bee changed into an orb spider
 10430 | D:10     | Killed an orb spider
 10530 | D:10     | Noticed a two-headed ogre
 10537 | D:10     | Reached skill level 14 in Axes
 10545 | D:10     | Killed a two-headed ogre
 10825 | D:10     | Received a gift from Okawaru
 11200 | D:10     | Found a staircase to the Lair.
 11391 | Lair:1   | Entered Level 1 of the Lair of Beasts
 11395 | Lair:1   | Noticed a four-headed hydra
 11639 | Lair:1   | Noticed a four-headed hydra
 11694 | Lair:1   | Killed a 13-headed hydra
 11736 | Lair:1   | HP: 2/84 [porcupine's spines (12)]
 11738 | Lair:1   | Impaled on a porcupine's spines

Skill      XL: |  1  2  3  4  5  6  7  8  9 10 11 |
---------------+----------------------------------+-----
Axes           | 3 4 6 8 9 11 13 14 | 14.6
Armour         | 1 2 3 4 5 6 |  6.2
Fighting       | 3 4 5 6 7 |  7.2
Invocations    | 4 |  4.1
Throwing       | |  1.7
Dodging        | |  2.6

Action                   |  1- 3 |  4- 6 |  7- 9 | 10-12 || total
-------------------------+-------+-------+-------+-------++-------
Melee: War axe           |    87 |   117 |   403 |   516 ||  1123
       Kick              |       |    27 |   141 |   166 ||   334
       Executioner's axe |       |       |       |    18 ||    18
       Punch             |       |       |       |     2 ||     2
Throw: Throwing net      |       |     1 |     3 |     2 ||     6
Invok: Heroism           |       |       |       |    13 ||    13
Evoke: Wand              |       |       |       |    24 ||    24
  Use: Scroll            |     5 |     3 |    10 |     9 ||    27
       Potion            |       |     4 |     3 |    10 ||    17
 Stab: Sleeping          |     1 |       |       |       ||     1
       Held in net/web   |       |     1 |       |     4 ||     5
  Eat: Chunk             |     2 |     4 |     7 |    15 ||    28
       Ration            |       |     1 |     1 |     1 ||     3
Armor: Leather armour    |    38 |     2 |       |       ||    40
       Chain mail        |       |    95 |    75 |       ||   170
       Scale mail        |       |       |   148 |   309 ||   457
Dodge: Dodged            |    90 |    71 |   183 |   355 ||   699
